[Event "Early-Titled-Tuesday-Blitz-April-16-2024"]
[Site "Chess.com"]
[Date "2024.04.16"]
[Round "7"]
[White "Meri-Arabidze"]
[Black "stolencandy13"]
[Result "1/2-1/2"]
[WhiteElo "2680"]
[BlackElo "2564"]
[TimeControl "180+1"]
[EndTime "9:22:26 PDT"]
[Termination "Game drawn - insufficient material"]

1. Nf3 f5 2. g3 Nf6 3. Bg2 e6 4. O-O Be7 5. d3 O-O 6. Nbd2 d6 7. e4 e5 8. exf5 Bxf5 9. d4 e4 10. Nh4 Bg4 11. f3 exf3 12. Nhxf3 Nc6 13. c3 Qd7 14. Qb3+ Kh8 15. Ng5 d5 16. h3 Be2 17. Re1 Bd3 18. Ne6 Rfe8 19. Nf4 Bf5 20. g4 Bd6 21. Rf1 Bxg4 22. hxg4 Qxg4 23. Nh3 Qg3 24. Nf3 Re2 25. Rf2 Rxf2 26. Nxf2 Ne4 27. Be3 Rf8 28. Nh1 Qg4 29.
Rf1 h6 30. Qxd5 Nf6 31. Qb3 b6 32. Qc2 Ne4 33. Nh2 Bxh2+ 34. Kxh2 Rxf1 35. Bxf1 Ne7 36. Bg2 Nf6 37. Kg1 Nf5 38. Bf2 h5 39. Qd2 h4 40.
Qd3 Nh5 41. Qh3 Qg5 42. Kh2 Nf4 43. Qf3 g6 44. Be3 Nxe3 45. Bh3 Nxh3 46. Qxh3 Nf5 47. Nf2 Qf4+ 48. Kg1 Kg7 49. Kg2 Qg5+ 50. Kf1 Ng3+ 51. Kg1 Qc1+ 52. Kg2 Qf1+ 53. Kf3 Qxh3 54. Nxh3 Kf6 55.
Kf4 Nh5+ 56. Kg4 Ng7 57. Nf4 Nf5 58. Nd5+ Kg7 59. Nxc7 Ne3+ 60. Kxh4 Nd1 61. b3 Nxc3 62. a4 Ne2 63. Nb5 Kf6 64. Nxa7 Nxd4 65. Nc8 Ke5 66. Kg5 Nxb3 67. Nxb6 Nc5 68. Kxg6 Nxa4 1/2-1/2

[Event "Early-Titled-Tuesday-Blitz-April-16-2024"]
[Site "Chess.com"]
[Date "2024.04.16"]
[Round "7"]
[White "baki83"]
[Black "Root_21"]
[Result "1-0"]
[WhiteElo "2917"]
[BlackElo "2633"]
[TimeControl "180+1"]
[EndTime "9:22:31 PDT"]
[Termination "baki83 won by checkmate"]

1. e4 c5 2. Nf3 d6 3. Bb5+ Bd7 4.
Bxd7+ Nxd7 5. O-O Ngf6 6. Re1 e6 7. c3 Be7 8. d4 O-O 9. Bf4 Qb6 10. Qe2 d5 11. exd5 Nxd5 12. Bg3 N7f6 13. c4 Nb4 14. d5 exd5 15. a3 Nc6 16. Nc3 dxc4 17. Qxc4 Rad8 18. h3 Bd6 19. Bh4 Na5 20. Qa4 Bc7 21. Ne4 Nxe4 22. Bxd8 Bxd8 23. Qxe4 Qxb2 24. Rad1 Nc6 25. Rb1 Qxa3 26.
Rxb7 Nd4 27. Nxd4 cxd4 28. Qxd4 Bb6 29. Qf4 Bc5 30. Re8 Qa2 31. Rbb8 g6 32. Rxf8+ Bxf8 33. Qd6 Qa1+ 34. Kh2 Qg7 35. Qd8 h5 36. h4 Qe5+ 37. g3 Qc5 38. Qf6 a5 39. Ra8 Qb4 40. Qf3 Qd6 41. Kg2 Kg7 42. Ra7 Be7 43. Qe4 Bf6 44. Qb7 Qe6 45. Rxa5 Bd4 46. Qf3 Bf6 47. Ra8 Qe7 48.
Ra6 Bd4 49. Rc6 Bf6 50. Rc2 Bd4 51. Re2 Qc5 52. Qe4 Bf6 53. Rc2 Qb5 54. Qf3 Qa6 55. Rc5 Qa1 56. Rc4 Qa6 57. Rf4 Qd6 58. Qe4 Qe5 59.
Qxe5 Bxe5 60. Ra4 Bf6 61. Ra6 g5 62. hxg5 Bxg5 63. Kf3 h4 64. Kg4 hxg3 65. Kxg5 gxf2 66. Ra1 f6+ 67. Kf5 Kh6 68. Rf1 Kh5 69. Rh1# 1-0

[Event "Early-Titled-Tuesday-Blitz-April-16-2024"]
[Site "Chess.com"]
[Date "2024.04.16"]
[Round "7"]
[White "ViktoriyaTarasova"]
[Black "WindWhistler11"]
[Result "1-0"]
[WhiteElo "2372"]
[BlackElo "2506"]
[TimeControl "180+1"]
[EndTime "9:22:36 PDT"]
[Termination "ViktoriyaTarasova won by resignation"]

1. d4 Nf6 2. c4 e6 3. Nc3 c5 4. d5 exd5 5. cxd5 Bd6 6. g3 O-O 7. Bg2 Re8 8. Nf3 Bc7 9. O-O d6 10. Nd2 b6 11. e4 Ba6 12. Re1 b5 13. a4 b4 14. Nb5 Nbd7 15. b3 Ne5 16. Bf1 Bc8 17.
Bb2 Bb6 18. Bxe5 dxe5 19. Nc4 a6 20. Nbd6 Re7 21. a5 Ba7 22. Nxc8 Qxc8 23. d6 Re8 24. Qd2 Qc6 25. Rad1 Rad8 26. Qb2 Nd7 27. Rd5 f6 28. Red1 Nf8 29. Bh3 Ne6 30. Bxe6+ Rxe6 31. Qe2 Bb8 32. d7 Re7 33. Qg4 Kf7 34. h4 Qe6 35. Qh5+ Kg8 36. Nb6 Bc7 37. Qf5 Bxb6 38. Qxe6+ Rxe6 39. axb6 Rxb6 40. Rxc5 Kf7 41. Ra5 Ke7 42. Kg2 Rxd7 43. Rxd7+ Kxd7 44. Rd5+ Ke6 45. Rd8 Rb7 46. Ra8 Rb6 47.
Kf3 Kf7 48. h5 Rc6 49. Ra7+ Kf8 50. Kg4 Rc2 51. f4 exf4 52. gxf4 Re2 53. Kf5 Rg2 54.
Rxa6 Rb2 55. Ra8+ Ke7 56. Ra7+ Kd6 57. Rxg7 Rxb3 58. Rxh7 Kc5 59. Kxf6 Re3 60. e5 b3 61. Rb7 Kc6 62. Rb8 Kd5 63. h6 Rh3 64. Kg7 Kc4 65. h7 Rg3+ 66. Kf7 Rh3 67. h8=Q Rxh8 68. Rxh8 b2 69.
Rb8 b1=Q 70. Rxb1 1-0

[Event "Early-Titled-Tuesday-Blitz-April-16-2024"]
[Site "Chess.com"]
[Date "2024.04.16"]
[Round "7"]
[White "LeoLV10"]
[Black "Caroexpert"]
[Result "1-0"]
[WhiteElo "2524"]
[BlackElo "2664"]
[TimeControl "180+1"]
[EndTime "9:22:40 PDT"]
[Termination "LeoLV10 won by resignation"]

1. e4 c6 2. d4 d5 3. e5 Bf5 4. h4 Qb6 5. h5 c5 6. c3 Nc6 7.
dxc5 Qxc5 8. Be3 Qa5 9. b4 Qd8 10. Nf3 Bg4 11. Nbd2 e6 12. Qa4 Bxf3 13. Nxf3 a6 14.
Bd3 Ne7 15. g4 Nc8 16. Rd1 b5 17. Qc2 Nb6 18. Qe2 Be7 19. Bxb5 axb5 20. Qxb5 Rxa2 21. Qxc6+ Nd7 22. O-O O-O 23. c4 Rc2 24. c5 Nb8 25.
Qa4 Qc8 26. Qxc2 Nc6 27. Rb1 f6 28. b5 Nxe5 29. Nxe5 fxe5 30. c6 e4 31. f4 exf3 32.
Qh2 e5 33. Qg3 d4 34. Bf2 e4 35. b6 Bd6 36. b7 Qxc6 37. b8=Q Bxg3 38. Qxg3 e3 39.
Kh2 e2 40. Bxd4 exf1=Q 41. Rxf1 Qe4 42. Bf2 Rf4 43. Re1 Qc4 44. Kh3 h6 45. Re3 Re4 46.
Rxf3 Re2 47. Qf4 Qc2 48. Qf8+ Kh7 49. Qf5+ Qxf5 50. Rxf5 Rc2 51. Bg3 Rc4 52. Kh4 Re4 53. Rf7 Kg8 54. Rc7 Re6 55. Rc5 Kh7 56. Be5 g6 57.
Rc7+ Kg8 58. Bg3 g5+ 59. Kh3 Rf6 60. Kg2 Re6 61. Rc5 Ra6 62. Rd5 Kf7 63. Rd6 Rxd6 64. Bxd6 Kg7 65. Kf3 Kf7 66. Ke4 Kg7 67. Kf5 Kh7 68. Kf6 Kh8 69. Kg6 Kg8 70. Kxh6 Kh8 71. Kxg5 1-0

[Event "Early-Titled-Tuesday-Blitz-April-16-2024"]
[Site "Chess.com"]
[Date "2024.04.16"]
[Round "7"]
[White "Elnaz_Kaliakhmet"]
[Black "Veleamater"]
[Result "0-1"]
[WhiteElo "2550"]
[BlackElo "2423"]
[TimeControl "180+1"]
[EndTime "9:22:42 PDT"]
[Termination "Veleamater won on time"]

1. d4 d6 2. c4 g6 3. Nc3 Bg7 4. e4 Nf6 5. h3 O-O 6. Be3 Nc6 7. d5 Ne5 8. f4 Ned7 9. Nf3 c6 10. Bd3 Nc5 11. Bc2 cxd5 12. cxd5 b6 13. O-O Bb7 14. Rc1 a5 15. Qd2 Qd7 16. Rfd1 b5 17. e5 b4 18.
exf6 bxc3 19. bxc3 Bxf6 20. Bxc5 dxc5 21. c4 Rfd8 22. Qe3 Rab8 23. Qxc5 Rdc8 24. Qxa5 Rxc4 25. Ne5 Bxe5 26. fxe5 Rbc8 27. Rd2 R8c5 28. Qa7 Qc8 29. Rb1 Rxc2 30. Rxc2 Rxc2 31. Qxb7 Qc5+ 32. Kh2 Qf2 33. d6 Qf4+ 34. Kh1 exd6 35. Qb8+ Kg7 36. Qxd6 Rxa2 37.
Rg1 Re2 38. Qa6 Rxe5 39. Rf1 Re6 40. Qa1+ Qe5 41. Qa7 Re7 42. Qf2 h5 43. Qf3 Rc7 44. Qf2 g5 45. Qf3 Kg6 46. Qd3+ Kh6 47. Qf3 Qe6 48.
Qf2 Qg6 49. Qd4 Re7 50. Rf6 Re1+ 51. Kh2 Re6 52. Rxg6+ Kxg6 53. Qd3+ Kg7 54. Qd4+ Kg6 55. Qd5 Rf6 56. Kg3 h4+ 57. Kh2 Rf4 58. Qd8 Rf6 59.
Qg8+ Kh6 60. Kg1 Rf4 61. Qf8+ Kg6 62. Qd6+ Kg7 63. Qe5+ Kg6 64. Kh2 Rf6 65. g3 hxg3+ 66. Kxg3 Rf4 67. Qe8 Kg7 68. Qb8 Kg6 69. Qb1+ Kg7 0-1

[Event "Early-Titled-Tuesday-Blitz-April-16-2024"]
[Site "Chess.com"]
[Date "2024.04.16"]
[Round "7"]
[White "superchess02"]
[Black "DenLaz"]
[Result "1/2-1/2"]
[WhiteElo "2906"]
[BlackElo "3108"]
[TimeControl "180+1"]
[EndTime "9:22:44 PDT"]
[Termination "Game drawn - insufficient material"]

1. d4 Nf6 2. c4 e6 3. Nc3 Bb4 4. e3 O-O 5. Bd3 d5 6. Ne2 dxc4 7. Bxc4 a6 8. a3 Be7 9. a4 c5 10. O-O Nc6 11. d5 Na5 12. Ba2 c4 13. dxe6 Bxe6 14. Nf4 Bf5 15. Qf3 Bd6 16. h3 Qe7 17.
Ncd5 Nxd5 18. Qxd5 Qe5 19. Bd2 Qxd5 20. Nxd5 Nb3 21. Bxb3 cxb3 22. Bc3 Bc2 23. Nb4 Bxb4 24. Bxb4 Rfd8 25. f3 Rac8 26. Rf2 Rc4 27. Be1 f6 28. Rd2 Rxd2 29. Bxd2 b6 30. e4 Bd3 31. Be3 Rc2 32. Bd4 Bc4 33. Rb1 b5 34. axb5 Bxb5 35. Bc3 Bd3 36. Bb4 Rc4 37. Rd1 Rxb4 38. Rxd3 a5 39. Rd7 a4 40. Ra7 h5 41. h4 Kh7 42. Kh2 Kg6 43. Kg3 Rc4 44. Kf4 Rc2 45. g4 hxg4 46.
Kxg4 Rxb2 47. Rxa4 Rb1 48. Rb4 b2 49. Kf4 Kh5 50. Rb8 Kg6 51. Rb7 Kh6 52. Kf5 Rf1 53. Rxb2 Rxf3+ 54. Kg4 Re3 55. Kf4 Ra3 56. Rg2 Ra1 57.
Kf5 Rf1+ 58. Ke6 Ra1 59. Kf5 Ra5+ 60. Kf4 g6 61. Rg1 Kh5 62. Rg2 Ra1 63. Ke3 Re1+ 64. Kd4 Rh1 65. Rf2 Rxh4 66. Rxf6 g5 67. Rf8 Kg4 68.
e5 Rh1 69. e6 Re1 70. Kd5 Kg3 71. Kd6 g4 72. e7 Kg2 73. e8=Q Rxe8 74. Rxe8 g3 75.
Ke5 Kf2 76. Rf8+ Ke3 77. Rg8 Kf2 78. Kf4 g2 79. Rxg2+ Kxg2 1/2-1/2

[Event "Early-Titled-Tuesday-Blitz-April-16-2024"]
[Site "Chess.com"]
[Date "2024.04.16"]
[Round "7"]
[White "Statham_01"]
[Black "Rosh1610"]
[Result "0-1"]
[WhiteElo "2608"]
[BlackElo "2468"]
[TimeControl "180+1"]
[EndTime "9:22:47 PDT"]
[Termination "Rosh1610 won by resignation"]

1. e4 e5 2. Nf3 Nc6 3. c3 Nf6 4. d4 d6 5. Bb5 Bd7 6. O-O Be7 7. Re1 O-O 8. Bg5 h6 9. Bxf6 Bxf6 10.
d5 Nb8 11. Bxd7 Nxd7 12. g3 g6 13. c4 Bg7 14. Nh4 a5 15. b3 Kh7 16. Nc3 f5 17. exf5 gxf5 18. Nb5 Rc8 19. Na7 Ra8 20. Nb5 Rc8 21. Qc2 Qf6 22. Rad1 Kg8 23. Qe2 Nc5 24. Qd2 f4 25. Qxa5 fxg3 26. fxg3 Qf2+ 27. Kh1 Ra8 28.
Na7 Nd7 29. c5 Nxc5 30. Rf1 Qxf1+ 31. Rxf1 Rxf1+ 32. Kg2 Rf7 33. b4 Ne4 34. g4 Rf2+ 35. Kg1 Raf8 36. Nf5 Rf4 37. h3 Ng5 38. Qxc7 Nxh3+ 39. Kh2 Rxg4 40. Ne7+ Kh7 41. Kxh3 Rg5 42. Qxd6 Rf3+ 43. Kh4 Rf4+ 44. Kh3 Rf3+ 45. Kh4 Rf1 46. Qe6 Rh1+ 47. Qh3 Bf6 48. Qxh1 Rg1+ 49. Kh3 Rxh1+ 50. Kg2 Rd1 51. Nac8 Bxe7 52. Nxe7 Kg7 53. d6 Kf6 54.
Ng8+ Ke6 55. Nxh6 Rxd6 56. Kf3 Rd4 57. a3 Rh4 58. Ng4 e4+ 59. Kf4 Rxg4+ 60. Kxg4 Ke5 61.
Kg3 Kd4 62. Kf2 Kd3 63. Ke1 b5 64. Kd1 Kc3 65. Ke2 Kb3 66. Ke3 Kxa3 67. Kxe4 Kxb4 68. Kd3 Ka3 69. Kc2 b4 70. Kb1 Kb3 71. Ka1 Kc2 72.
Ka2 b3+ 73. Ka3 b2 74. Ka2 b1=Q+ 0-1

[Event "Early-Titled-Tuesday-Blitz-April-16-2024"]
[Site "Chess.com"]
[Date "2024.04.16"]
[Round "7"]
[White "sathvikadiga"]
[Black "Artemiki"]
[Result "1-0"]
[WhiteElo "2589"]
[BlackElo "2434"]
[TimeControl "180+1"]
[EndTime "9:22:54 PDT"]
[Termination "sathvikadiga won on time"]

1. e4 e5 2. Nf3 Nc6 3. Bc4 Bc5 4. O-O Nf6 5. d3 d6 6. c3 a6 7. Bb3 Ba7 8. Nbd2 h6 9. Re1 O-O 10. Nf1 Be6 11. h3 Qd7 12. Ng3 Rad8 13. d4 exd4 14. cxd4 Bxb3 15. axb3 d5 16. e5 Ne4 17. Be3 f6 18. exf6 Rxf6 19. Qd3 Nxg3 20. fxg3 Re8 21.
Bf2 Rxe1+ 22. Rxe1 Re6 23. Re3 Rxe3 24. Qxe3 Qe7 25.
Qf4 Qf7 26. Qg4 Qe8 27. Qf5 Ne7 28. Qe6+ Qf7 29. Qd7 Qf8 30. Ne5 Bb6 31. g4 Nc6 32. Qxd5+ Kh7 33. Qe4+ Kg8 34. Qd5+ Kh7 35. Nxc6 bxc6 36.
Qxc6 Qf4 37. Qc2+ Kh8 38. d5 Bxf2+ 39. Qxf2 Qc1+ 40. Kh2 Kh7 41. Qf5+ Kh8 42. h4 Qxb2 43. g5 Qxb3 44. g6 Qb8 45. Kh3 a5 46. g4 Qd8 47. g5 h5 48. Kg2 a4 49. Qf3 a3 50.
Qxh5+ Kg8 51. Qh7+ Kf8 52. Qh8+ Ke7 53. Qxg7+ Kd6 54.
Qc3 Qa8 55. Qg3+ Kd7 56. Qg4+ Ke7 57. Qe4+ Kd6 58. g7 a2 59. Qe6+ Kc5 60. Qc6+ Qxc6 61.
dxc6 a1=Q 62. g8=Q Qb2+ 63. Kg3 Qc3+ 64. Kg4 Qd4+ 65. Kh5 Kxc6 66. Qe6+ Kb7 67. g6 c5 68. Qf7+ Kb6 69. g7 Qd1+ 70. Kh6 Qd2+ 71. Kh7 Qd3+ 72. Qg6+ 1-0

[Event "Early-Titled-Tuesday-Blitz-April-16-2024"]
[Site "Chess.com"]
[Date "2024.04.16"]
[Round "7"]
[White "becemix"]
[Black "VacheH009"]
[Result "1-0"]
[WhiteElo "2508"]
[BlackElo "2616"]
[TimeControl "180+1"]
[EndTime "9:22:55 PDT"]
[Termination "becemix won on time"]

1. e4 e5 2. Nc3 Nf6 3. g3 Bc5 4. Bg2 d6 5. Na4 Bb4 6. a3 Ba5 7. b4 Bd7 8. bxa5 Bxa4 9. Rb1 Bc6 10. d3 O-O 11. c4 b6 12. axb6 axb6 13. Ne2 Na6 14. Nc3 Nc5 15. O-O h6 16. f4 Ne6 17.
f5 Nd4 18. Ra1 Nd7 19. h4 Nc5 20. Ne2 Nxe2+ 21. Qxe2 Nb3 22. Ra2 Nxc1 23. Rxc1 Ra5 24. Kh2 f6 25. Rc3 Qe7 26. Bf3 Rfa8 27. Bh5 Be8 28. Bxe8 Qxe8 29. Qb2 Qc6 30. Kg2 Qc5 31. Qf2 Qxf2+ 32. Kxf2 Kf7 33. Ke3 Ke7 34. Rb3 Kd7 35.
Kd2 Kc6 36. Kc3 Kc5 37. Ra1 c6 38. g4 Ra4 39. Kb2 Rb8 40. Rg1 Kd4 41. g5 hxg5 42. hxg5 Ra7 43. gxf6 gxf6 44. Rg6 Rf7 45. a4 Ra8 46.
Ka3 Kc5 47. Rb2 Rh8 48. Rb3 Rh2 49. Rg8 Rd2 50. Rb8 Kd4 51. R8xb6 Rc7 52. a5 Rxd3 53. Rxd3+ Kxd3 54. a6 Kxe4 55. Rb7 Rc8 56. a7 Ra8 57. Kb4 d5 58. c5 d4 59. Ka5 d3 60. Kb6 Kf3 61. Rb8 Rxa7 62. Kxa7 e4 63. Rd8 Ke2 64. Kb6 d2 65. Kxc6 e3 66. Kb6 d1=Q 67. Rxd1 Kxd1 68. c6 e2 69. c7 e1=Q 70. c8=Q Qb4+ 71. Kc7 Qc5+ 72.
Kd8 Qe5 73. Qe6 Qc3 74. Ke7 Qc7+ 75. Qd7+ 1-0

[Event "Early-Titled-Tuesday-Blitz-April-16-2024"]
[Site "Chess.com"]
[Date "2024.04.16"]
[Round "7"]
[White "Witik"]
[Black "Lion-Al-Messi"]
[Result "1-0"]
[WhiteElo "2717"]
[BlackElo "2576"]
[TimeControl "180+1"]
[EndTime "9:22:59 PDT"]
[Termination "Witik won by resignation"]

1. d4 Nf6 2. Nf3 b6 3. Bg5 Bb7 4. Nbd2 c5 5. c3 g6 6. Bxf6 exf6 7. g3 Bg7 8. Bg2 O-O 9. O-O d6 10. Ne1 Qc8 11. Bxb7 Qxb7 12. e3 Nd7 13. Qf3 Qxf3 14. Ndxf3 f5 15. Nd3 Nf6 16. Rfd1 Ne4 17. Nf4 Rad8 18.
Nd5 Rfe8 19. Kg2 h6 20. dxc5 dxc5 21. Ne7+ Kh7 22. Nc6 Rxd1 23. Rxd1 b5 24. Rd7 Re6 25. Nxa7 Ra6 26. a3 Nd6 27. Ne1 Kg8 28. Nd3 Ne4 29.
Nxb5 Rb6 30. c4 Nd2 31. Nxc5 Nxc4 32. Rb7 Rc6 33. b4 Rc8 34. Nd7 Nd2 35. Rb8 Rxb8 36. Nxb8 Nc4 37. a4 Kf8 38. a5 Ke8 39. a6 Nb6 40. a7 Na8 41. Na6 Be5 42. Nc5 Kd8 43.
f4 Bc7 44. Nxc7 Kxc7 45. b5 Kb6 46. Nd7+ Kxa7 47. Ne5 Nc7 48. Nxf7 Nd5 49. Nxh6 Nxe3+ 50. Kf3 Nd5 51. Nf7 Kb6 52. Ne5 Ne7 53. Ke3 Kxb5 54. Kd4 Kb6 55. Kc4 Kc7 56. Kc5 Kd8 57. Kd6 Ke8 58.
Ke6 Kf8 59. Kf6 Nd5+ 60. Kxg6 Ne3 61. Kg5 Kg7 62. Nf3 Kf7 63. Nh4 Nf1 64. Nf3 Ne3 65.
Nd4 Nf1 66. Nxf5 Nxh2 67. Nd4 Nf1 68. g4 Nd2 69. f5 Ne4+ 70. Kf4 Nd6 71. g5 Ne8 72.
Nc6 Kg7 73. Ne5 Nc7 74. f6+ Kf8 75. Kf5 Nd5 76. g6 Ne3+ 77. Ke6 Nc2 78. Nd7+ Kg8 79. f7+ Kg7 80. f8=Q+ 1-0

[Event "Early-Titled-Tuesday-Blitz-April-16-2024"]
[Site "Chess.com"]
[Date "2024.04.16"]
[Round "7"]
[White "SaiAgni_98"]
[Black "kyuotbi"]
[Result "1-0"]
[WhiteElo "2488"]
[BlackElo "2276"]
[TimeControl "180+1"]
[EndTime "9:23:07 PDT"]
[Termination "SaiAgni_98 won on time"]

1. e4 e5 2. Nf3 Nc6 3. Bc4 Nf6 4. d3 h6 5. O-O g6 6. a4 Bg7 7. a5 a6 8. Nc3 d6 9. h3 Ne7 10. d4 exd4 11. Nxd4 O-O 12. Be3 Nxe4 13. Nxe4 d5 14. Bd3 dxe4 15. Bxe4 Nd5 16. Bxd5 Qxd5 17. c3 b6 18. Qf3 Bb7 19. Qxd5 Bxd5 20. axb6 cxb6 21. Nc2 Be4 22. Rfc1 b5 23. Bd4 Rfd8 24. Bxg7 Kxg7 25. Nd4 b4 26. f3 Bb7 27. Kf2 a5 28. Rd1 Rac8 29. Nb3 Rxd1 30. Rxd1 bxc3 31. bxc3 a4 32. Na5 Ba6 33. Ra1 Rxc3 34. Rxa4 Rc2+ 35. Kg1 Rc1+ 36. Kf2 Rf1+ 37. Kg3 h5 38. h4 Rb1 39. Ra2 f6 40. Nc6 Bf1 41. Nd4 g5 42. hxg5 fxg5 43. Kf2 Bc4 44. Ra7+ Kg6 45. Rc7 Rb2+ 46. Kg1 Bd5 47.
Rc5 Bb7 48. Rb5 Rxb5 49. Nxb5 Bc6 50. Nd4 Bd5 51. Kf2 g4 52. fxg4 hxg4 53. g3 Kf6 54.
Ke3 Ke5 55. Ne2 Bf3 56. Nc1 Kf5 57. Nd3 Be4 58. Nf2 Bf3 59. Kd4 Be2 60. Ke3 Bf3 61. Nd3 Bd1 62. Kd4 Bf3 63. Nc5 Ba8 64. Nb3 Bf3 65.
Na5 Ba8 66. Nc4 Bf3 67. Ne3+ Kg5 68. Ke5 Be2 69. Nd5 Bf3 70. Nf4 Bd1 71. Ne6+ Kg6 72. Kf4 Kf6 73. Nd4 Kg6 74. Nc6 Kf6 75. Ne5 1-0

[Event "Early-Titled-Tuesday-Blitz-April-16-2024"]
[Site "Chess.com"]
[Date "2024.04.16"]
[Round "7"]
[White "Donskov_AN"]
[Black "Kildepiotr"]
[Result "1/2-1/2"]
[WhiteElo "2406"]
[BlackElo "2701"]
[TimeControl "180+1"]
[EndTime "9:23:11 PDT"]
[Termination "Game drawn - insufficient material"]

1. e4 g6 2. d4 Bg7 3. Nc3 c6 4.
Nf3 d6 5. h3 Nf6 6. Be2 O-O 7.
O-O Nbd7 8. Be3 e5 9. dxe5 dxe5 10. Qd2 Qe7 11. Bh6 Nc5 12. Bxg7 Kxg7 13. Qe3 a5 14. Rad1 b5 15. Nd2 Ne6 16. Bd3 Nd7 17. Ne2 Ndc5 18. c3 a4 19. a3 Rd8 20. Bc2 h5 21. Nf3 Rxd1 22. Rxd1 f6 23. Qd2 Ra7 24. Qd6 Qxd6 25. Rxd6 Rc7 26. Kf1 Kf7 27. Ke1 Ke7 28. Rd2 g5 29. g3 Nf8 30. h4 g4 31. Nh2 Be6 32.
Nf1 Nfd7 33. Ne3 Nb6 34. Kd1 Nc4 35. Nxc4 Bxc4 36. Nc1 Bf7 37. Ke2 Nd7 38. Nd3 c5 39. Ke3 Nb6 40. Rd1 Nc4+ 41. Ke2 Bg6 42. f3 gxf3+ 43. Kxf3 Rd7 44. Nxc5 Rxd1 45. Bxd1 Nxb2 46. Be2 Be8 47. Ke3 Kd6 48. Na6 Bc6 49. Nb4 Bd7 50. Kd2 Kc5 51. Nd5 f5 52. Kc2 Nc4 53.
Bxc4 bxc4 54. Nf6 Be6 55. Kd2 fxe4 56. Ke3 Bf7 57. Kxe4 Kd6 58. g4 Bg6+ 59. Ke3 hxg4 60. Nxg4 Ke6 61. Nh2 Kf5 62. Nf3 Bf7 63. Ng5 Bd5 64.
Nf3 Bc6 65. h5 Bd5 66. h6 Bg8 67. Nd2 Bh7 68. Nxc4 e4 69. Nb6 Kg5 70. Nxa4 Kxh6 71.
Nc5 Kg5 72. a4 Kf5 73. a5 Bg8 74. Kd4 e3 75. Kxe3 Ke5 76. Kd3 Kd6 77. Ne4+ Kc6 78. Kd4 Bd5 79. Nf6 Be6 80. Ne4 Kb5 81. Nc5 Bf7 82.
a6 Kb6 83. c4 Bg8 84. Ke5 Bf7 85.
Kd6 Bxc4 86. a7 Kxa7 1/2-1/2

[Event "Early-Titled-Tuesday-Blitz-April-16-2024"]
[Site "Chess.com"]
[Date "2024.04.16"]
[Round "7"]
[White "dosto07"]
[Black "LeninGuerra"]
[Result "1/2-1/2"]
[WhiteElo "2525"]
[BlackElo "2762"]
[TimeControl "180+1"]
[EndTime "9:23:16 PDT"]
[Termination "Game drawn by stalemate"]

1. e4 c5 2. Nf3 e6 3. c3 d5 4.
exd5 Qxd5 5. d4 cxd4 6. cxd4 Nc6 7. Nc3 Bb4 8. Bd3 Nf6 9. O-O Qd8 10. Bg5 Be7 11.
a3 O-O 12. Bc2 a6 13. Qd3 g6 14. Bh6 Re8 15. Rad1 b5 16. Bb3 Na5 17. Ba2 Bb7 18. Ne5 Bf8 19. Bg5 Bg7 20. Qh3 Qb6 21. Rfe1 Rad8 22.
Qh4 Nd5 23. Bxd8 Rxd8 24. Nxd5 Bxd5 25. Bxd5 Rxd5 26. Qe7 Qb7 27. Qe8+ Bf8 28. Rc1 Qe7 29. Rc8 Qxe8 30. Rxe8 Rxd4 31. Ra8 Rd6 32. Rc1 Nb3 33. Re1 a5 34. g3 Rd5 35. Rc8 Nd4 36. Kg2 b4 37. axb4 axb4 38. Nf3 Nxf3 39. Kxf3 Rd3+ 40. Re3 Rd2 41. Re2 Rd3+ 42. Kg2 Kg7 43. Rc7 Kf6 44.
Re4 g5 45. Re3 Rd2 46. Rf3+ Ke5 47. Rcxf7 Bc5 48. b3 Bd4 49. g4 Kd6 50. Rxh7 e5 51. Rf6+ Kd5 52. h4 gxh4 53. g5 e4 54. Rf5+ Ke6 55.
Rf8 e3 56. g6 exf2 57. g7 f1=Q+ 58. Kxf1 Rd1+ 59. Ke2 Rg1 60. g8=Q+ Rxg8 61. Rxg8 Bf6 62. Rxh4 Bxh4 63. Rg4 Be7 64. Kd3 Kd5 65. Re4 Bc5 66. Re2 Bd6 67. Rc2 Be5 68. Rc8 Bc3 69. Rd8+ Kc5 70. Rc8+ Kb5 71. Ke4 Kb6 72. Kd5 Kb7 73.
Rg8 Kb6 74. Kc4 Kc6 75. Rg5 Kb6 76. Rb5+ Kc6 77. Rf5 Kd6 78. Rh5 Kc6 79. Rh6+ Kc7 80. Rh5 Kc6 81. Rb5 Bd2 82. Rd5 Bc3 83. Rd3 Kb6 84.
Rd1 Kc6 85. Rd5 Kb6 86. Rb5+ Kc6 87. Rb8 Kc7 88. Rxb4 Bxb4 89. Kxb4 Kb6 90. Kc4 Kc6 91. b4 Kb6 92. b5 Kb7 93. Kc5 Kc7 94. b6+ Kb7 95. Kb5 Kb8 96. Ka6 Ka8 97. Kb5 Kb7 98. Kc5 Kb8 99. Kc6 Kc8 100. b7+ Kb8 101. Kb6 1/2-1/2

[Event "Early-Titled-Tuesday-Blitz-April-16-2024"]
[Site "Chess.com"]
[Date "2024.04.16"]
[Round "7"]
[White "Alexchess1984"]
[Black "GrotBchess"]
[Result "1-0"]
[WhiteElo "2671"]
[BlackElo "2443"]
[TimeControl "180+1"]
[EndTime "9:23:52 PDT"]
[Termination "Alexchess1984 won on time"]

1. e4 c5 2. Nf3 e6 3. b3 b6 4. Bb2 Bb7 5. Nc3 Nf6 6. e5 Nd5 7.
Nxd5 Bxd5 8. g3 Qc8 9. Bg2 Qb7 10. O-O g5 11. Re1 g4 12. Nh4 Be7 13. Bxd5 Qxd5 14. Ng2 h5 15. Nf4 Qb7 16. d4 cxd4 17. Qxd4 Nc6 18.
Qe4 O-O-O 19. a3 Bg5 20. Nd3 Ne7 21. Qxb7+ Kxb7 22. c4 Nf5 23. Rad1 Rhe8 24. c5 Be7 25.
cxb6 axb6 26. Nf4 Rh8 27. Rd2 Bg5 28. Re4 Bxf4 29. Rxf4 Rhe8 30. a4 d5 31. exd6 Rxd6 32. Rxd6 Nxd6 33. Rf6 Re7 34. Ba3 Kc6 35. Rh6 Nf5 36.
Rxh5 Rd7 37. Rg5 Rd1+ 38. Kg2 Rd2 39. Kf1 Rd3 40. Rxg4 Rxb3 41. Bf8 Rb1+ 42. Kg2 Rb2 43. Rf4 Kd5 44. h4 Ke5 45. h5 Kf6 46. h6 Kg6 47.
Rg4+ Kh7 48. Rg5 Ra2 49. g4 Nh4+ 50. Kh3 Ng6 51. Bg7 Rxa4 52. Rb5 Ra2 53. Kg3 Ra3+ 54. f3 Ra6 55. Bd4 e5 56. Bxb6 Kxh6 57. Be3+ Kg7 58. Bd2 Re6 59. Bc3 Rc6 60. Bxe5+ Nxe5 61. Rxe5 Kg6 62.
Re1 Kg7 63. Kf4 Rf6+ 64. Kg3 Rc6 65. Re4 Kg6 66. Kf4 Rf6+ 67. Ke3 Rc6 68. Kd4 Rd6+ 69. Ke5 Ra6 70. f4 Re6+ 71. Kd5 Ra6 72. Rc4 Ra5+ 73.
Rc5 Ra4 74. Ke5 Ra6 75. Rd5 f6+ 76. Ke4 Ra4+ 77. Rd4 Ra5 78. Rd8 Ra4+ 79. Kf3 Ra3+ 80. Kg2 Ra4 81. Kg3 Ra3+ 82. Kh4 Ra4 83. f5+ Kf7 84. Kh5 Ra1 85. Rd7+ Ke8 86. Rb7 Rg1 87. Rb6 Kf7 88. Rb7+ Kg8 89. Rb4 Kf7 90. Rb7+ Kg8 91. Kg6 Rxg4+ 92. Kxf6 Rc4 93. Rb8+ Kh7 94. Kf7 Rc7+ 95.
Ke6 Kg7 96. f6+ Kg6 97. Rg8+ Kh7 98. Rg1 Rc6+ 99. Ke7 Rc7+ 100. Kd6 Ra7 101. Ke6 Ra6+ 102. Ke5 Ra5+ 103. Kf4 Ra7 104. Rg3 1-0

[Event "Early-Titled-Tuesday-Blitz-April-16-2024"]
[Site "Chess.com"]
[Date "2024.04.16"]
[Round "8"]
[White "NikFil2013"]
[Black "Iskusnyh"]
[Result "0-1"]
[WhiteElo "2418"]
[BlackElo "2597"]
[TimeControl "180+1"]
[EndTime "9:26:03 PDT"]
[Termination "Iskusnyh won by resignation"]

1. d4 Nf6 2. c4 c6 3. Nc3 d5 4. cxd5 cxd5 5. Bg5 Ne4 6. Nxe4 dxe4 7. e3 Qa5+ 8. Qd2 Qxg5 9. Rc1 Bd7 10. Qb4 Nc6 11.
Qxb7 Qa5+ 12. Kd1 Rb8 13. Qa6 Qxa6 14. Bxa6 Rxb2 15. d5 Nb4 0-1

[Event "Early-Titled-Tuesday-Blitz-April-16-2024"]
[Site "Chess.com"]
[Date "2024.04.16"]
[Round "8"]
[White "Manukyan_Artak"]
[Black "Alexchess1984"]
[Result "0-1"]
[WhiteElo "2508"]
[BlackElo "2676"]
[TimeControl "180+1"]
[EndTime "9:26:06 PDT"]
[Termination "Alexchess1984 won by resignation"]

1. e4 e6 2. d4 d5 3. e5 c5 4. c3 Nc6 5. Nf3 Nge7 6. Bd3 cxd4 7. cxd4 Nf5 8. Bxf5 exf5 9. O-O Be7 10. Nc3 Be6 11.
g3 g5 12. a3 h6 13. b4 Qd7 14. Na4 b6 15. Bb2 f4 16. Kh1 Bg4 17. Qd3 Bf5 18.
Qe2 Be4 19. Nc3 Nxd4 0-1

[Event "Early-Titled-Tuesday-Blitz-April-16-2024"]
[Site "Chess.com"]
[Date "2024.04.16"]
[Round "8"]
[White "vangulio"]
[Black "lamomiajunior"]
[Result "1-0"]
[WhiteElo "2584"]
[BlackElo "2721"]
[TimeControl "180+1"]
[EndTime "9:26:25 PDT"]
[Termination "vangulio won by checkmate"]

1. e4 c5 2. Nf3 d6 3. d4 cxd4 4. Nxd4 Nf6 5. Nc3 a6 6. Be3 e6 7. Be2 Nc6 8. O-O Be7 9. f4 O-O 10. Kh1 Qc7 11. Qe1 Bd7 12. Qg3 Kh8 13. Rae1 b5 14.
a3 Rac8 15. Nxc6 Bxc6 16. Bd4 Rg8 17. Bd3 Nd7 18. Qh3 e5 19. Nd5 Bxd5 20. exd5 Bf6 21. Qxh7# 1-0

[Event "Early-Titled-Tuesday-Blitz-April-16-2024"]
[Site "Chess.com"]
[Date "2024.04.16"]
[Round "8"]
[White "JACK_BAU3R"]
[Black "shirovin"]
[Result "0-1"]
[WhiteElo "1977"]
[BlackElo "2049"]
[TimeControl "180+1"]
[EndTime "9:27:01 PDT"]
[Termination "shirovin won by resignation"]

1. d4 f5 2. c3 Nf6 3. Nf3 g6 4. Bg5 Bg7 5. Nbd2 O-O 6. Bxf6 Bxf6 7. e4 fxe4 8. Nxe4 Bg7 9. Bd3 d5 10. Ned2 Nc6 11. h3 e5 12. dxe5 Nxe5 13. Nxe5 Bxe5 14.
O-O Bd6 15. Qc2 Qf6 16. Rae1 Bc5 17. Nf3 Bxh3 0-1

[Event "Early-Titled-Tuesday-Blitz-April-16-2024"]
[Site "Chess.com"]
[Date "2024.04.16"]
[Round "8"]
[White "Grossboss19"]
[Black "Flawless_Fighter"]
[Result "1/2-1/2"]
[WhiteElo "2612"]
[BlackElo "2757"]
[TimeControl "180+1"]
[EndTime "9:27:04 PDT"]
[Termination "Game drawn by repetition"]

1. c4 e6 2. Nc3 d5 3. d4 Nf6 4.
cxd5 Nxd5 5. e4 Nxc3 6. bxc3 c5 7. Nf3 cxd4 8. cxd4 Bb4+ 9. Bd2 Bxd2+ 10. Qxd2 O-O 11. Bc4 Nd7 12. O-O b6 13. d5 Nf6 14. Rfe1 exd5 15.
exd5 Bb7 16. Rad1 Qd6 17. Nd4 g6 18. Qg5 Rae8 19. Nf5 Rxe1+ 20. Rxe1 Qb4 21. Nh6+ Kg7 22. Nf5+ Kg8 23. Nh6+ Kg7 24. Nf5+ Kg8 1/2-1/2